 Dungeon Crawl Stone Soup version 0.29.1-4-g47bece8355 (webtiles) character file.

Game seed: 16674426825737044957

102 GigaChad the Covered (level 4, -4/40 HPs)
             Began as a Minotaur Fighter on Dec 7, 2022.
             Slain by a gnoll
             ... wielding a +0 halberd
              (9 damage)
             ... on level 3 of the Dungeon.
             The game lasted 00:02:49 (1981 turns).

GigaChad the Covered (Minotaur Fighter)             Turns: 1981, Time: 00:02:50

Health: -4/40      AC: 19    Str: 23    XL:     4   Next: 49%
Magic:  3/3        EV:  7    Int:  5    God:
Gold:   158        SH:  4    Dex:  9    Spells: 3/3 levels left

rFire   . . .      SeeInvis .   a - +1 war axe (protect)
rCold   . . .      Faith    .   c - +0 buckler
rNeg    . . .      Spirit   .   j - +1 chain mail
rPois   .          Reflect  .   o - +2 hat
rElec   .          Harm     .   (no cloak)
rCorr   +          Rampage  .   (no gloves)
Will    .....                   (no boots)
Stlth   ..........              (no amulet)
HPRegen 0.13/turn               n - ring of resist corrosion
MPRegen 0.08/turn               (no ring)

@: under a protective aura
A: horns 2, retaliatory headbutt
a: no special abilities


You were on level 3 of the Dungeon.
You visited 1 branch of the dungeon, and saw 3 of its levels.

You collected 158 gold pieces.

Inventory:

Hand Weapons
 a - a +1 war axe of protection (weapon)
Armour
 b - a +0 scale mail
 c - a +0 buckler (worn)
 j - a +1 chain mail (worn)
 o - a +2 hat (worn)
Jewellery
 k - an amulet of guardian spirit
 n - a ring of resist corrosion (left hand)
Scrolls
 g - a scroll of identify
 h - a scroll of immolation
 l - a scroll of vulnerability
 p - a scroll of enchant weapon
Potions
 d - a potion of might
 e - a potion of curing {unknown}
 i - a potion of berserk rage {unknown}
 m - 2 potions of lignification {unknown}


   Skills:
 + Level 4.2 Fighting
 + Level 4.0 Axes
 + Level 4.6 Armour
 + Level 4.2 Shields


You had 3 spell levels left.
You didn't know any spells.
Your spell library contained the following spells:

 Spells                   Type           Power      Damage    Failure   Level
 Conjure Flame            Conj/Fire      0%         6-21      100%        3
 Gell's Gravitas          Tloc           0%         N/A       100%        3
 Ignite Poison            Fire/Tmut/Pois 0%         N/A       100%        3
 Teleport Other           Tloc           0%         N/A       100%        3
 Sticky Flame             Conj/Fire      0%         2d3       100%        4
 Dispersal                Tloc           0%         N/A       100%        6


Dungeon Overview and Level Annotations

Branches:
Dungeon (3/15)

Altars:


Innate Abilities, Weirdness & Mutations

You have a pair of horns on your head.
You reflexively headbutt those who attack you in melee.


Message History

You closely miss the gnoll.
The gnoll is almost dead.
You block the gnoll's attack. The gnoll closely misses you.
You furiously retaliate!
You headbutt the gnoll.
You kill the gnoll!
Your Axes skill increases to level 4!
The gnoll hits you with a +0 spear. The gnoll barely misses you.
You see here a +0 whip.
You hit the gnoll.
Your weapon exudes an aura of protection.
The gnoll is moderately wounded.
The gnoll hits you but does no damage. You block the gnoll's attack.
You hit the gnoll.
The gnoll is heavily wounded.
The gnoll barely misses you.
The gnoll hits you from afar with a +0 halberd.
The gnoll hits you but does no damage. The gnoll barely misses you.
You completely miss the gnoll.
The gnoll is heavily wounded.
The gnoll hits you but does no damage. The gnoll barely misses you.
You hit the gnoll.
The gnoll is heavily wounded.
The gnoll hits you with a +0 spear.
The gnoll hits you from afar with a +0 halberd.
You block the gnoll's attack.
The gnoll hits you from afar with a +0 halberd.
* * * LOW HITPOINT WARNING * * *
You closely miss the gnoll.
You headbutt the gnoll, but do no damage.
The gnoll is heavily wounded.
The gnoll closely misses you. You block the gnoll's attack.
You barely miss the gnoll.
The gnoll is heavily wounded.
The gnoll hits you but does no damage.
The gnoll hits you from afar with a +0 halberd.
* * * LOW HITPOINT WARNING * * *
You slash the gnoll!
You kill the gnoll!
The gnoll hits you from afar with a +0 halberd!
You die...

#.##.#........#
#.##.#.####...#
#.##.#.. +.....
#.##.#.. #.....
#.# #. #...>.
#.# .... #.#
#########.#
#...gg)@..#
##.########


You could see 2 gnolls.

Vanquished Creatures
  5 adders (D:2)
  2 gnolls (D:3)
  A worm (D:2)
  2 dart slugs
  3 ball pythons
  6 endoplasms
  A giant cockroach (D:2)
  4 goblins
  4 hobgoblins
  4 jackals (D:2)
  4 quokkas (D:2)
  A bat (D:1)
  A frilled lizard (D:2)
38 creatures vanquished.

Notes
Turn   | Place    | Note
-------+----------+-------------------------------------------
     0 | D:1      | GigaChad the Minotaur Fighter began the quest for the Orb.
     0 | D:1      | Reached XP level 1. HP: 19/19 MP: 0/0
   271 | D:1      | Reached XP level 2. HP: 27/27 MP: 1/1
   717 | D:2      | Reached XP level 3. HP: 20/33 MP: 2/2
   989 | D:2      | Reached XP level 4. HP: 22/40 MP: 3/3
  1981 | D:3      | Slain by a gnoll

Illustrated notes

Levels and vault maps discovered:
D:1:      amcnicky_arrival_underground_garden, layout_basic
D:2:      layout_basic
D:3:      layout_basic, mainiacjoe_overflow_tiny_flanked,
          dreamdust_ecumenical_altar_grove, kennysheep_minor_cross

Skill      XL: |  1  2  3  4 |
---------------+-------------+-----
Armour         | 4 |  4.6
Fighting       | 4 |  4.2
Shields        | 4 |  4.2
Axes           | 3 4 |  4.0

Action                   |  1- 3 |  4- 6 || total
-------------------------+-------+-------++-------
Melee: War axe           |    49 |    28 ||    77
       Headbutt          |     5 |     1 ||     6
  Use: Scroll            |       |     7 ||     7
Armor: Scale mail        |     2 |       ||     2
       Chain mail        |    36 |    29 ||    65
Dodge: Dodged            |    25 |    20 ||    45
Block: Buckler           |    12 |    16 ||    28
